 Dungeon Crawl Stone Soup version 0.18.1-48-g4cf74bf (webtiles) character file.

119 poirepourri the Conjurer (level 4, 0/24 HPs)
             Began as a Deep Elf Conjurer on July 5, 2016.
             Slain by Sigmund
             ... wielding a +0 scythe
              (5 damage)
             ... on level 3 of the Dungeon.
             The game lasted 00:04:54 (2913 turns).

poirepourri the Conjurer (Deep Elf Conjurer)        Turns: 2913, Time: 00:04:55

Health: 0/24       AC:  3    Str:  3    XL:     4   Next: 73%
Magic:  8/11       EV: 13    Int: 21    God:
Gold:   142        SH:  0    Dex: 15    Spells: 4 memorised, 1 level left

rFire  . . .     SeeInvis .     h - +0 short sword
rCold  . . .     Gourm    .     a - +0 robe
rNeg   . . .     Faith    .     (no shield)
rPois  .         Spirit   .     (no helmet)
rElec  .         Dismiss  .     (no cloak)
rCorr  .         Reflect  .     n - +0 pair of gloves
SustAt .         Harm     .     (no boots)
MR     .....                    m - amulet of magic regeneration
Stlth  +.........               (no ring)
                                (no ring)

@: confused, flying, not resistant to hostile enchantments, very unstealthy
A: low mp 1, weak 1, subdued magic 1
a: no special abilities


You were on level 3 of the Dungeon.
You were not hungry.

You visited 1 branch of the dungeon, and saw 3 of its levels.

You collected 142 gold pieces.

Inventory:

Hand Weapons
 h - a +0 short sword (weapon)
Armour
 a - a +0 robe (worn)
 n - a +0 pair of gloves (worn)
Jewellery
 m - an amulet of magic regeneration (around neck)
Wands
 p - a wand of acid (9/15)
 q - a wand of paralysis (0/24)
Scrolls
 s - a scroll of remove curse
Potions
 e - 3 potions of might
 i - a potion of brilliance
 j - a potion of mutation
 k - a potion of cancellation
Books
 b - a book of Conjurations

   Spells                             Type                      Level
   a - Magic Dart                     Conjuration                  1
   b - Searing Ray                    Conjuration                  2
   c - Dazzling Spray                 Conjuration/Hexes            3
   d - Fulminant Prism                Conjuration/Hexes            4
   e - Iskenderun's Mystic Blast      Conjuration                  4
   f - Iskenderun's Battlesphere      Conjuration/Charms           5
 l - a book of Callings

   Spells                             Type                      Level
   a - Summon Small Mammal            Summoning                    1
   b - Call Imp                       Summoning                    2
   c - Call Canine Familiar           Summoning                    3
   d - Summon Guardian Golem          Hexes/Summoning              3
   e - Summon Lightning Spire         Summoning/Air                4
   f - Summon Ice Beast               Ice/Summoning                4
Comestibles
 c - a bread ration
 d - 9 fruits
 f - 3 meat rations


   Skills:
 + Level 2.6 Dodging
 + Level 2.9 Stealth
 + Level 4.3 Spellcasting
 + Level 5.9 Conjurations


You had one spell level left.
You knew the following spells:

 Your Spells              Type           Power        Failure   Level  Hunger
a - Magic Dart            Conj           ###.         1%          1    None
b - Searing Ray           Conj           ###...       1%          2    #......
c - Dazzling Spray        Conj/Hex       ##....       10%         3    ##.....
d - Fulminant Prism       Conj/Hex       ##........   30%         4    ####...


Dungeon Overview and Level Annotations

Branches:
Dungeon (3/15)

Altars:

Annotations:
D:3 Sigmund


Innate Abilities, Weirdness & Mutations

Your magical capacity is low (-10% MP).
You are weak. (Str -2)
Your spells are a little easier to cast, but a little less powerful.


Message History

An orc comes into view. It is wielding a hand axe.
The orc shouts!
Something tries to affect you, but you resist.
Casting: Searing Ray
Confirm with . or Enter, or press ? or * to list all spells.
Aiming: Searing Ray
Press: ? - help, Shift-Dir - straight line, f - orc
Aim: an orc, wielding a hand axe The searing ray hits the orc.
The orc is severely wounded.
The searing ray hits the orc.
You kill the orc!
You hear some strange, mumbled words.
You are confused.
You bump into the rock wall.
An orc comes into view. It is wielding a hand axe.
You bump into the rock wall.
The orc shouts!
Something hits you.
You die...

#.# #.# #####
#.# ...# #.#
#.###.#####.###
#.............#
#####)#########
#........{..#
#.##.######@#
####.##.######)#
.....).{.....#.#
.###.###.#.###.#
.. .# # o.# #.
.! ### # .## ..
##


You could see an orc.

Vanquished Creatures
  A giant frog skeleton (D:3)
  An adder (D:2)
  An ooze (D:3)
  2 worms (D:2)
  2 dart slugs
  3 giant geckos
  An orc (D:3)
  A giant cockroach (D:3)
  8 goblins
  8 hobgoblins
  8 jackals
  3 quokkas
  2 ball pythons (D:1)
  2 bats
  2 giant newts
  7 kobolds
  7 rats
59 creatures vanquished.

Vanquished Creatures (others)
  A fulminant prism (D:3)
1 creature vanquished.

Grand Total: 60 creatures vanquished

Notes
Turn   | Place    | Note
--------------------------------------------------------------
     0 | D:1      | poirepourri the Deep Elf Conjurer began the quest for the Orb.
     0 | D:1      | Reached XP level 1. HP: 10/10 MP: 6/6
   368 | D:1      | Reached XP level 2. HP: 15/15 MP: 6/8
   882 | D:1      | Reached skill level 5 in Conjurations
   892 | D:1      | Learned a level 2 spell: Searing Ray
  1337 | D:1      | Reached XP level 3. HP: 19/19 MP: 5/9
  1448 | D:2      | Learned a level 3 spell: Dazzling Spray
  2213 | D:3      | Reached XP level 4. HP: 24/24 MP: 9/11
  2725 | D:3      | Noticed Sigmund
  2842 | D:3      | Learned a level 4 spell: Fulminant Prism
  2896 | D:3      | Gained mutation: You are weak. (Str -2) [potion of mutation]
  2896 | D:3      | Gained mutation: Your spells are a little easier to cast, but a little less powerful. [potion of mutation]
  2896 | D:3      | Gained mutation: Your magical capacity is low (-10% MP). [potion of mutation]
  2913 | D:3      | Slain by Sigmund

Skill      XL: |  1  2  3  4 |
---------------+-------------+-----
Conjurations   | 5 |  5.9
Spellcasting   | 4 |  4.3
Dodging        | |  2.6
Stealth        | |  2.9

Action                   |  1- 3 |  4- 6 || total
-------------------------+-------+-------++-------
 Cast: Magic Dart        |    66 |    26 ||    92
       Searing Ray       |     3 |     3 ||     6
       Fulminant Prism   |       |     1 ||     1
Evoke: Wand              |       |     6 ||     6
  Use: Scroll            |     6 |     1 ||     7
       Potion            |       |     5 ||     5
  Eat: Bread ration      |     1 |     1 ||     2
Armor: Robe              |       |     2 ||     2
Dodge: Dodged            |     3 |     7 ||    10
